 Dungeon Crawl Stone Soup version 0.21-a0-480-g5da0f0d (webtiles) character file.

6590 slep the Carver (level 10, -13/90 HPs)
             Began as a Minotaur Gladiator on Nov 23, 2017.
             Was an Elder of Okawaru.
             Mangled by an orc warrior
             ... wielding a +0 trident
              (16 damage)
             ... on level 9 of the Dungeon.
             The game lasted 01:06:19 (8176 turns).

slep the Carver (Minotaur Gladiator)                Turns: 8176, Time: 01:06:20

Health: -13/90     AC: 15    Str: 18 (19) XL:     10   Next: 71%
Magic:  9/9        EV: 14    Int:  2 (3)  God:    Okawaru [****..]
Gold:   631        SH:  0    Dex: 15      Spells: 8/9 levels left

rFire    . . .     SeeInvis +   K - +1 trident (venom)
rCold    . . .     Gourm    .   (no shield)
rNeg     + . .     Faith    .   o - +3 scale mail {rN+}
rPois    +         Spirit   .   c - +0 hat
rElec    .         Reflect  .   U - scarf {cloud immunity}
rCorr    .         Harm     .   (no gloves)
MR       .....     Clarity  +   (no boots)
Stlth    +.........             (no amulet)
HPRegen  0.25/turn              h - ring of see invisible
MPRegen  0.11/turn              W - +1 ring of evasion

@: no status effects
A: retaliatory headbutt, beak, horns 2, molten scales 2, yellow scales 1,
clarity, deterioration 1, dopey 1, poison resistance
a: Heroism, Renounce Religion


You were on level 9 of the Dungeon.
You worshipped Okawaru.
Okawaru was greatly pleased with you.
You were hungry.

You visited 2 branches of the dungeon, and saw 10 of its levels.
You also visited: Sewer.

You collected 631 gold pieces.

Inventory:

Hand Weapons
 a - a +1 falchion of freezing
 b - a +0 blowgun
 l - the +9 halberd of Disarray {chop, Dex+5}
   (You found it on level 8 of the Dungeon)

   It inflicts extra damage upon your enemies.
   It affects your dexterity (+5).
 n - the +6 short sword of Growth {pierce, rF+ rC+ Str+3 Int+4}
   (You found it on level 8 of the Dungeon)

   It inflicts extra damage upon your enemies.
   It affects your strength (+3).
   It affects your intelligence (+4).
   It protects you from fire.
   It protects you from cold.
 p - a +0 fustibalus
 K - a +1 trident of venom (weapon)
 T - a +2 mace of crushing
 X - a +2 war axe of freezing
Missiles
 v - 128 sling bullets
 A - 2 throwing nets (quivered)
 M - 2 javelins
 Q - 13 tomahawks
 Y - 8 poisoned needles
Armour
 c - a +0 hat (worn)
 o - a +3 scale mail of positive energy (worn)
 u - a +2 ring mail of cold resistance
 U - a scarf of cloud immunity (worn)
Jewellery
 h - a ring of see invisible (left hand)
 q - an uncursed amulet of guardian spirit
 s - an uncursed ring of positive energy
 W - a +1 ring of evasion (right hand)
Wands
 d - a wand of random effects (15)
 D - a wand of digging (10)
 L - a wand of flame (40)
Scrolls
 e - 3 scrolls of remove curse
 k - 3 scrolls of amnesia {unknown}
 m - 7 scrolls of identify {unknown}
 r - 5 scrolls of teleportation {unknown}
 y - 2 scrolls of fog {unknown}
 z - 2 scrolls of enchant armour {unknown}
 E - 2 scrolls of magic mapping {unknown}
 I - a scroll of summoning {unknown}
 P - 2 scrolls of fear {unknown}
 V - a scroll of holy word {unknown}
Potions
 t - a potion of resistance {unknown}
 x - 2 potions of haste
 B - a potion of agility {unknown}
 C - a potion of curing
 G - a potion of berserk rage {unknown}
 H - 6 potions of brilliance {unknown}
 J - 4 potions of degeneration {unknown}
 R - a potion of might {unknown}
Books
 O - a book of Cantrips

   Spells                             Type                      Level
   a - Confusing Touch                Hexes                        1
   b - Animate Skeleton               Necromancy                   1
   c - Summon Small Mammal            Summoning                    1
   d - Apportation                    Translocation                1
Comestibles
 f - 11 bread rations
 g - 7 fruits
 i - 3 royal jellies
 j - 7 meat rations


   Skills:
 + Level 8.8 Fighting
 + Level 1.7(6.6) Short Blades
 + Level 10.9(11.0) Long Blades
 + Level 1.0(3.4) Axes
 + Level 4.3(4.4) Maces & Flails
 + Level 2.6(2.8) Polearms
 + Level 3.8(5.5) Slings
 + Level 5.7(6.2) Throwing
 + Level 5.9 Armour
 + Level 6.6 Dodging
 + Level 3.9 Stealth
 + Level 0.5 Evocations


You had 8 spell levels left.
You knew the following spells:

 Your Spells              Type           Power        Failure   Level  Hunger
a - Apportation           Tloc           #.....       88%         1    ##.....


Dungeon Overview and Level Annotations

Branches:
Dungeon (9/15)             Temple (1/1) D:4
   Lair: D:8-11         Orc: D:9-12

Altars:
Ashenzari
Dithmenos
Elyvilon
Fedhas
Gozag
Hepliaklqana
Kikubaaqudgha
Makhleb
Nemelex Xobeh
Okawaru
Qazlal
Ru
Sif Muna
Trog
Uskayaw
Vehumet
Wu Jian
Xom
Yredelemnul
Zin
The Shining One

Shops:
D:7 }


Innate Abilities, Weirdness & Mutations

You reflexively headbutt those who attack you in melee.
You have a pair of horns on your head.
You have a beak for a mouth.
You are mostly covered in molten scales. (AC +3)
You are partially covered in yellow scales. (AC +2)
You possess an exceptional clarity of mind.
Your body sometimes deteriorates upon taking damage.
You are dopey. (Int -2)
Your system is resistant to poisons. (rPois)


Message History

The orc wizard closely misses you.
You hit the orc wizard. You freeze the orc wizard.
You kill the orc wizard!
Okawaru accepts your kill.
The orc warrior hits you from afar with a trident!
* * * LOW HITPOINT WARNING * * *
The orc warrior hits you from afar with a trident.
* * * LOW HITPOINT WARNING * * *
Wield which item (- for none, * to show all)? (? for menu, Esc to quit)
Your +2 war axe of freezing stops glowing.
Your +1 trident of venom begins to drip with poison!
K - a +1 trident of venom (weapon)
Attack whom?
Press: ? - help, Dir - move target cursor, f - orc warrior
Aim: an orc warrior, wielding a trident and wearing a plate armour You reach to attack!
You hit the orc warrior but do no damage.
The orc warrior is poisoned.
The orc warrior hits you from afar with a trident!
You die...

###.# #.)))###### #...#
#............. #...#
#............. #...#
#............. #...#
#............#
#...######............#
#.....................#
#.....................#
#............o.@......##
#..(.....###########...#
#........#.........#...#
#........#.........#...#
#........#.........#...
#........##'########.#
#>...................#
#....................#
################.....#


You could see an orc warrior.

Vanquished Creatures
  2 unseen horrors (D:8)
  A cyclops (D:8)
  Prince Ribbit (D:5)
  A spriggan (D:8)
  A vampire mosquito (D:8)
  4 orc warriors
  2 ice beasts
  A black bear (D:8)
  2 sky beasts
  Purgy (Sewer)
  3 phantoms
  3 ogres
  2 centaurs
  9 bullfrogs
  A water moccasin zombie (D:7)
  A gnoll sergeant (D:8)
  5 scorpions
  A wight (D:8)
  2 howler monkeys (D:8)
  A crimson imp (D:7)
  2 bullfrog zombies
  A gnoll shaman (D:6)
  A jelly (D:9)
  2 bullfrog skeletons
  A centaur zombie (D:7)
  2 hounds
  An orc priest (D:4)
  A centaur skeleton (D:7)
  Jessica (D:3)
  2 iguanas
  17 orc wizards
  7 worker ants
  A killer bee zombie (D:8)
  Robin (D:3)
  A worker ant zombie (D:7)
  12 gnolls
  5 adders
  2 shadow imps
  3 oozes
  An adder zombie (D:8)
  2 adder skeletons (D:8)
  3 worms
  14 dart slugs
  36 orcs
  7 bats
  10 giant cockroaches
  16 goblins
  12 hobgoblins
  8 jackals
  6 quokkas
  2 ball pythons (D:3)
  A ball python skeleton (D:4)
  7 frilled lizards
  A jackal zombie (D:7)
  13 kobolds
  A leopard gecko zombie (D:7)
  10 rats
257 creatures vanquished.

Vanquished Creatures (others)
  A tengu warrior (D:8)
1 creature vanquished.

Grand Total: 258 creatures vanquished

Notes
Turn   | Place    | Note
-------+----------+-------------------------------------------
     0 | D:1      | slep the Minotaur Gladiator began the quest for the Orb.
     0 | D:1      | Reached XP level 1. HP: 18/18 MP: 0/0
   172 | D:1      | Reached skill level 4 in Long Blades
   172 | D:1      | Reached XP level 2. HP: 25/25 MP: 1/1
   510 | D:1      | Reached XP level 3. HP: 30/30 MP: 2/2
  1029 | D:2      | Found a blossoming altar of Fedhas.
  1162 | D:2      | Reached skill level 1 in Armour
  1169 | D:2      | Noticed a scorpion
  1180 | D:2      | Killed a scorpion
  1180 | D:2      | Reached skill level 5 in Long Blades
  1180 | D:2      | Reached XP level 4. HP: 25/38 MP: 3/3
  1952 | D:3      | Noticed Robin
  1983 | D:3      | Killed Robin
  1983 | D:3      | Reached XP level 5. HP: 15/45 MP: 1/4
  2011 | D:3      | Noticed Jessica
  2015 | D:3      | Killed Jessica
  2338 | D:3      | Found a glowing drain.
  2347 | Sewer    | Entered a sewer
  2348 | Sewer    | Noticed Purgy
  2359 | Sewer    | Killed Purgy
  2359 | Sewer    | Reached skill level 6 in Long Blades
  2359 | Sewer    | Reached XP level 6. HP: 52/52 MP: 5/5
  2528 | D:3      | Found a burning altar of Makhleb.
  2528 | D:3      | Found a basalt altar of Yredelemnul.
  3252 | D:4      | Reached skill level 7 in Long Blades
  3319 | D:4      | Reached XP level 7. HP: 58/60 MP: 6/6
  3457 | D:4      | Learned a level 1 spell: Apportation
  3486 | D:4      | Reached skill level 1 in Slings
  3656 | D:4      | Found a staircase to the Ecumenical Temple.
  3661 | Temple   | Entered the Ecumenical Temple
  3753 | Temple   | Became a worshipper of Warmaster Okawaru
  3898 | D:5      | Entered Level 5 of the Dungeon
  4139 | D:5      | Reached skill level 8 in Long Blades
  4223 | D:5      | Reached skill level 5 in Fighting
  4223 | D:5      | Reached skill level 1 in Stealth
  4246 | D:5      | Found a sparkling altar of Nemelex Xobeh.
  4343 | D:5      | Got a scorched leather armour
  4389 | D:5      | Reached * piety under Okawaru
  4389 | D:5      | Reached XP level 8. HP: 44/68 MP: 4/7
  4569 | D:5      | Noticed Prince Ribbit
  4582 | D:5      | Killed Prince Ribbit
  4840 | D:6      | Identified the +3 leather armour "Ehism" {*Slow rC+ Slay+2} (You found it on level 5 of the Dungeon)
  5147 | D:6      | Reached skill level 9 in Long Blades
  5289 | D:6      | Gained mutation: You are dopey. (Int -2) [mutagenic meat]
  5290 | D:6      | Gained mutation: Your body sometimes deteriorates upon taking damage. [mutagenic meat]
  5291 | D:6      | Gained mutation: You have a beak for a mouth. [mutagenic meat]
  5292 | D:6      | Gained mutation: You are partially covered in yellow scales. (AC +2) [mutagenic meat]
  5293 | D:6      | Gained mutation: You are partially covered in molten scales. (AC +2) [mutagenic meat]
  5477 | D:6      | Reached skill level 5 in Dodging
  5759 | D:7      | Reached ** piety under Okawaru
  5764 | D:7      | Reached XP level 9. HP: 66/78 MP: 5/8
  5966 | D:7      | Reached skill level 10 in Long Blades
  6131 | D:7      | Found Qofidgh's Gadget Shoppe.
  6604 | D:8      | Found a white marble altar of Elyvilon.
  6712 | D:8      | Reached skill level 1 in Maces & Flails
  6749 | D:8      | Reached *** piety under Okawaru
  6753 | D:8      | Gained mutation: You are mostly covered in molten scales. (AC +3) [mutagenic meat]
  6754 | D:8      | Gained mutation: You possess an exceptional clarity of mind. [mutagenic meat]
  6755 | D:8      | Gained mutation: Your system is resistant to poisons. (rPois) [mutagenic meat]
  6918 | D:8      | Noticed an unseen horror
  6921 | D:8      | Noticed a tengu warrior
  6923 | D:8      | Noticed an unseen horror
  6924 | D:8      | Noticed a cyclops
  6931 | D:8      | Killed an unseen horror
  6931 | D:8      | Reached skill level 5 in Armour
  6931 | D:8      | Reached XP level 10. HP: 41/88 MP: 9/9
  6960 | D:8      | Killed an unseen horror
  6960 | D:8      | Reached **** piety under Okawaru
  6960 | D:8      | Received a gift from Okawaru
  6960 | D:8      | Reached skill level 5 in Throwing
  6976 | D:8      | Killed a tengu warrior
  6976 | D:8      | Reached skill level 1 in Polearms
  6998 | D:8      | Killed a cyclops
  7028 | D:8      | Got a smoking plate armour
  7047 | D:8      | Got a brightly glowing halberd
  7079 | D:8      | Identified the cursed +0 plate armour of the Turtle {rC- rN+ MR+ Slay+2} (You found it on level 8 of the Dungeon)
  7096 | D:8      | Got a steaming short sword
  7110 | D:8      | Identified the +9 halberd of Disarray {chop, Dex+5} (You found it on level 8 of the Dungeon)
  7111 | D:8      | Identified the +6 short sword of Growth {pierce, rF+ rC+ Str+3 Int+4} (You found it on level 8 of the Dungeon)
  7689 | D:9      | Reached skill level 1 in Short Blades
  8144 | D:9      | Reached skill level 1 in Axes
  8144 | D:9      | HP: 3/90 [orc warrior/trident (7)]
  8150 | D:9      | HP: 1/90 [orc warrior/trident (10)]
  8170 | D:9      | HP: 2/90 [orc warrior/trident (4)]
  8176 | D:9      | Mangled by an orc warrior

Vault maps used:
D:1:      tarquinn_simple_flora_water_e, st_stairs_3
D:2:      lemuel_upstairs_altar, lemuel_doored_altar, kennysheep_generic_room_13
D:3:      chequers_temple_overflow_statue_of_worship, portal_sewer_entry_e,
          uniq_robin, uniq_jessica
D:4:      minmay_temple_entry_glassed_door, first_bread
D:5:      kennysheep_slugbush, nemelex_dance_club_becter, uniq_prince_ribbit1
D:6:      grunt_ministairs_15
D:7:      serial_shops, nicolae_shop_window_shopping
D:8:      minmay_the_grid_triangle_9x9_rhombus_full, lemuel_round_altar,
          the_bakery
D:9:      hiddenorc2_lemuel, nicolae_qazlal_style_of_elements, uniq_grum,
          uniq_erolcha
Temple:   regret_index_temple_mists
Sewer:    sewer_the_crocodile

Skill      XL: |  1  2  3  4  5  6  7  8  9 10 |
---------------+-------------------------------+-----
Long Blades    | 4 5 6 7 8 9 10 | 10.9
Dodging        | 4 5 6 |  6.6
Armour         | 1 2 3 4 5 |  5.9
Fighting       | 3 4 5 6 8 |  8.8
Slings         | 2 3 |  3.8
Stealth        | 1 2 3 |  3.9
Throwing       | 3 4 5 |  5.7
Maces & Flails | 3 4 |  4.3
Polearms       | 2 |  2.6
Short Blades   | 1 |  1.7
Axes           | 1 |  1.0
Evocations     | |  0.5

Action                   |  1- 3 |  4- 6 |  7- 9 | 10-12 || total
-------------------------+-------+-------+-------+-------++-------
Melee: Long sword        |    76 |   118 |   120 |       ||   314
       Headbutt          |    17 |    21 |    55 |    22 ||   115
       Falchion          |       |       |   113 |     4 ||   117
       Peck              |       |       |    38 |    20 ||    58
       Mace              |       |       |    31 |       ||    31
       Dire flail        |       |       |    16 |       ||    16
       Short sword       |       |       |       |    59 ||    59
       War axe           |       |       |       |    35 ||    35
       Trident           |       |       |       |    27 ||    27
 Fire: Fustibalus        |       |    13 |    13 |    11 ||    37
       Blowgun           |       |     9 |    39 |     8 ||    56
Throw: Throwing net      |       |     1 |     1 |     2 ||     4
Evoke: Wand              |       |       |     3 |       ||     3
  Use: Potion            |       |     2 |     3 |     3 ||     8
       Scroll            |       |     1 |       |     1 ||     2
 Stab: Sleeping          |     1 |     1 |     4 |       ||     6
       Invisible         |       |       |       |     7 ||     7
  Eat: Chunk             |       |     7 |    21 |     3 ||    31
Armor: Leather armour    |    18 |       |    52 |     7 ||    77
       Ring mail         |     4 |     7 |       |       ||    11
       Robe              |       |    14 |       |       ||    14
       Troll leather arm |       |     4 |     8 |       ||    12
       Scale mail        |       |       |       |    46 ||    46
Dodge: Dodged            |    48 |    90 |   186 |   119 ||   443
       Rpst.: Long sword |    15 |    15 |    16 |       ||    46
       Falchion          |       |       |    19 |     2 ||    21

Table legend:
 A = Spawn XP
 B = Non-spawn XP
 C = Spawn XP percentage of total XP
 D = Spawn monster count
 E = Non-spawn monster count
 F = Spawn count percentage of total count
 G = Total turns spent on level
                    A         B        C        D         E        F      G
               +---------+---------+-------+---------+---------+-------+---------
         Total |       0 |    9415 |   0.0 |       0 |     258 |   0.0 |  8176
               +---------+---------+-------+---------+---------+-------+---------
           D:1 |       0 |      52 |   0.0 |       0 |      29 |   0.0 |   759
           D:2 |       0 |     120 |   0.0 |       0 |      24 |   0.0 |  1127
           D:3 |       0 |     113 |   0.0 |       0 |      29 |   0.0 |   875
           D:4 |       0 |     460 |   0.0 |       0 |      23 |   0.0 |   918
           D:5 |       0 |     847 |   0.0 |       0 |      26 |   0.0 |   926
           D:6 |       0 |     828 |   0.0 |       0 |      20 |   0.0 |   878
           D:7 |       0 |     965 |   0.0 |       0 |      28 |   0.0 |   753
           D:8 |       0 |    5294 |   0.0 |       0 |      55 |   0.0 |  1507
           D:9 |       0 |     601 |   0.0 |       0 |      18 |   0.0 |   214
         Sewer |       0 |     135 |   0.0 |       0 |       6 |   0.0 |   105
               +---------+---------+-------+---------+---------+-------+---------
